EL
MOBILE BAYBEARS @ MISSISSIPPI BRAVES
09/10/2048
 
TOP OF THE 1ST
Mobile BayBears batting - Pitching for Mississippi Braves : RHP Alfredo Leiva
Pitching: RHP Alfredo Leiva
Batting: RHB Yutaka Oki 0-0: Called Strike
0-1: Ball
1-1: Foul Ball, location: 2F
1-2: Foul Ball, location: 2F
1-2: Hit by Pitch
Batting: LHB Koson Hirai 0-0: Swinging Strike
0-1: Called Strike
0-2: Ball
1-2: Strikes out swinging
Batting: RHB Josh Burrows 0-0: Ball
1-0: Ball
2-0: Called Strike
2-1: Ball
3-1: SINGLE (Groundball, 56D, EV 97.5 MPH)
Yutaka Oki to second
Batting: RHB Blake Beale 0-0: Called Strike
0-1: Ball
1-1: Fielders Choice at 2nd, 3-6 (Groundball, 13, EV 81.9 MPH)
Yutaka Oki to third
Batting: LHB Soo-yeon Kym 0-0: Swinging Strike
0-1: Swinging Strike
0-2: Strikes out looking
Top of the 1st over - 0 runs, 1 hit, 0 errors, 2 left on base; Mobile 0 - Mississippi 0
BOTTOM OF THE 1ST
Mississippi Braves batting - Pitching for Mobile BayBears : RHP Chad Toms
Pitching: RHP Chad Toms
Batting: RHB Luis Restrepo 0-0: Ball
1-0: Ground out 4-3 (Groundball, 34D, EV 86.2 MPH)
Batting: RHB Zheng-ze King 0-0: SINGLE (Groundball, 4MD, EV 96.9 MPH)
Batting: LHB Art D'Ascenzo 0-0: Fielders Choice at 2nd, 4-6 (Groundball, 4, EV 79.4 MPH)
Batting: RHB Tim Molchan 0-0: Called Strike
0-1: Ball
1-1: Foul Ball, location: 2F
1-2: Foul Ball, location: 2F
1-2: Ground out 4-3 (Groundball, 34, EV 88.8 MPH)
Bottom of the 1st over - 0 runs, 1 hit, 0 errors, 1 left on base; Mobile 0 - Mississippi 0
TOP OF THE 2ND
Mobile BayBears batting - Pitching for Mississippi Braves : RHP Alfredo Leiva
Batting: RHB Dave Glenn 0-0: Ball
1-0: Foul Ball, location: 2F
1-1: DOUBLE (Flyball, 8RXD, EV 110.6 MPH)
Batting: LHB T.J. Duvall 0-0: Ball
1-0: SINGLE (Groundball, 25, EV 74.4 MPH) (infield hit)
Dave Glenn to third
Batting: RHB Carlos Ballesteros 0-0: Ball
1-0: Ball
2-0: Ball
T.J. Duvall is caught stealing 2nd base 2-4
3-0: Called Strike
3-1: Foul Ball, location: 2F
3-2: Strikes out looking
Batting: RHB Curt Barrett 0-0: Called Strike
0-1: Foul Ball, location: 2F
0-2: Ball
1-2: Ball
2-2: Ball
3-2: DOUBLE (Line Drive, 8RXD, EV 108.8 MPH)
Dave Glenn scores
Batting: RHB Yutaka Oki 0-0: Ball
1-0: Foul Ball, location: 2F
1-1: Fly out, F8 (Flyball, 8RM, EV 87.5 MPH)
Top of the 2nd over - 1 run, 3 hits, 0 errors, 1 left on base; Mobile 1 - Mississippi 0
BOTTOM OF THE 2ND
Mississippi Braves batting - Pitching for Mobile BayBears : RHP Chad Toms
Batting: LHB Sal Fernandez 0-0: Foul Ball, location: 2F
0-1: Ground out U3 (Groundball, 3L, EV 92.5 MPH)
Batting: RHB Yojiro Hayashi 0-0: Foul Ball, location: 2F
0-1: Ball
1-1: Ball
2-1: SINGLE (Groundball, 25, EV 75.6 MPH) (infield hit)
Batting: SHB Jose Melendez 0-0: Called Strike
0-1: Ball
1-1: Ball
2-1: Fielders Choice at 2nd, 1-6 (Groundball, 13S, EV 66.2 MPH)
Batting: RHB Jordan Martin 0-0: Called Strike
0-1: Ball
1-1: Ball
2-1: Ball
3-1: Foul Ball, location: 2F
3-2: Base on Balls
Jose Melendez to second
Batting: RHB Hieronim Rutkowski 0-0: Ball
Wild Pitch!
Jose Melendez to third
Jordan Martin to second
1-0: Ball
2-0: Ball
Wild Pitch!
Jose Melendez scores
Jordan Martin to third
3-0: Foul Ball, location: 2F
3-1: Foul Ball, location: 2F
3-2: Base on Balls
Batting: RHB Luis Restrepo 0-0: Ball
1-0: Foul Ball, location: 2F
1-1: Foul Ball, location: 2F
1-2: Foul Ball, location: 2F
1-2: SINGLE (Groundball, 4M, EV 107.5 MPH) (infield hit)
Jordan Martin scores
Hieronim Rutkowski to second
Batting: RHB Zheng-ze King 0-0: Ball
1-0: Swinging Strike
1-1: Swinging Strike
1-2: Fly out, F9 (Flyball, 9LS, EV 90.0 MPH)
Bottom of the 2nd over - 2 runs, 2 hits, 0 errors, 2 left on base; Mobile 1 - Mississippi 2
TOP OF THE 3RD
Mobile BayBears batting - Pitching for Mississippi Braves : RHP Alfredo Leiva
Batting: LHB Koson Hirai 0-0: Ground out 4-3 (Groundball, 4, EV 90.0 MPH)
Batting: RHB Josh Burrows 0-0: Ball
1-0: Fly out, F8 (Line Drive, 8LM, EV 95.6 MPH)
Batting: RHB Blake Beale 0-0: Called Strike
0-1: Ball
1-1: Foul Ball, location: 2F
1-2: Strikes out looking
Top of the 3rd over - 0 runs, 0 hits, 0 errors, 0 left on base; Mobile 1 - Mississippi 2
BOTTOM OF THE 3RD
Mississippi Braves batting - Pitching for Mobile BayBears : RHP Chad Toms
Batting: LHB Art D'Ascenzo 0-0: Ball
1-0: Called Strike
1-1: SINGLE (Groundball, 34D, EV 97.5 MPH)
Batting: RHB Tim Molchan 0-0: Ball
1-0: Ball
2-0: Foul Ball, location: 2F
2-1: Ball
3-1: Foul Ball, location: 2F
3-2: Base on Balls
Art D'Ascenzo to second
Batting: LHB Sal Fernandez 0-0: Fly out, F8 (Flyball, 8LXD, EV 98.8 MPH)
Runner from 2nd tags up, SAFE at 3rd, no throw by CF
Batting: RHB Yojiro Hayashi 0-0: Swinging Strike
0-1: Swinging Strike
0-2: Foul Ball, location: 2F
0-2: Ball
1-2: Ball
2-2: Foul Ball, location: 2F
2-2: Foul Ball, location: 2F
2-2: Strikes out swinging
Batting: SHB Jose Melendez 0-0: Called Strike
0-1: Swinging Strike
0-2: Foul Ball, location: 2F
0-2: Ball
1-2: Foul Ball, location: 2F
1-2: Foul Ball, location: 2F
1-2: Strikes out swinging
Bottom of the 3rd over - 0 runs, 1 hit, 0 errors, 2 left on base; Mobile 1 - Mississippi 2
TOP OF THE 4TH
Mobile BayBears batting - Pitching for Mississippi Braves : RHP Alfredo Leiva
Batting: LHB Soo-yeon Kym 0-0: Ball
1-0: Called Strike
1-1: Foul Ball, location: 2F
1-2: Fly out, F4 (Line Drive, 4, EV 67.5 MPH)
Batting: RHB Dave Glenn 0-0: Fly out, F7 (Flyball, 7S, EV 90.0 MPH)
Batting: LHB T.J. Duvall 0-0: Ball
1-0: Swinging Strike
1-1: Ball
2-1: Ball
3-1: Base on Balls
Batting: RHB Carlos Ballesteros 0-0: Called Strike
0-1: Ball
1-1: Ball
T.J. Duvall is caught stealing 2nd base 2-4
Top of the 4th over - 0 runs, 0 hits, 0 errors, 0 left on base; Mobile 1 - Mississippi 2
BOTTOM OF THE 4TH
Mississippi Braves batting - Pitching for Mobile BayBears : RHP Chad Toms
Batting: RHB Jordan Martin 0-0: Fly out, F6 (Line Drive, 6, EV 77.5 MPH)
Batting: RHB Hieronim Rutkowski 0-0: Ball
1-0: Foul Ball, location: 2F
1-1: Foul Ball, location: 2F
1-2: Ball
2-2: Strikes out swinging
Batting: RHB Luis Restrepo 0-0: SINGLE (Groundball, 34D, EV 104.4 MPH)
Batting: RHB Zheng-ze King 0-0: Ball
1-0: Called Strike
Luis Restrepo steals 2nd base
1-1: Ball
2-1: SINGLE (Groundball, 56D, EV 108.8 MPH)
Luis Restrepo to third
Runner from 3rd tries for Home, throw by LF and OUT! 7-2
Bottom of the 4th over - 0 runs, 2 hits, 0 errors, 1 left on base; Mobile 1 - Mississippi 2
TOP OF THE 5TH
Mobile BayBears batting - Pitching for Mississippi Braves : RHP Alfredo Leiva
Batting: RHB Carlos Ballesteros 0-0: Swinging Strike
0-1: Ball
1-1: Called Strike
1-2: Foul Ball, location: 2F
1-2: Ball
2-2: Ball
3-2: DOUBLE (Flyball, 78XD, EV 110.0 MPH)
Batting: RHB Curt Barrett 0-0: Swinging Strike
0-1: Called Strike
0-2: Ball
1-2: Strikes out swinging
Batting: RHB Yutaka Oki 0-0: Ground out 6-3 (Groundball, 6, EV 81.9 MPH)
Batting: LHB Koson Hirai 0-0: Ball
1-0: Foul Ball, location: 2F
1-1: Ball
2-1: Swinging Strike
2-2: Strikes out swinging
Top of the 5th over - 0 runs, 1 hit, 0 errors, 1 left on base; Mobile 1 - Mississippi 2
BOTTOM OF THE 5TH
Mississippi Braves batting - Pitching for Mobile BayBears : RHP Chad Toms
Batting: LHB Art D'Ascenzo 0-0: Ball
1-0: SINGLE (Groundball, 34D, EV 100.0 MPH)
Batting: RHB Tim Molchan 0-0: Called Strike
0-1: Ball
1-1: Ball
2-1: Called Strike
2-2: Foul Ball, location: 2F
2-2: Ball
3-2: DOUBLE (Line Drive, 7LS, EV 104.4 MPH)
Art D'Ascenzo to third
Batting: LHB Sal Fernandez 0-0: Ball
1-0: Foul Ball, location: 2F
1-1: Ground out U3 (Groundball, 3L, EV 81.9 MPH)
Batting: RHB Yojiro Hayashi 0-0: Called Strike
0-1: Foul Ball, location: 2F
0-2: Ball
1-2: Ball
2-2: Ball
3-2: Foul Ball, location: 2F
3-2: Ground out 3-1 (Groundball, 34D, EV 92.5 MPH)
Art D'Ascenzo scores
Tim Molchan to third
Batting: SHB Jose Melendez 0-0: Ball
1-0: Ball
Wild Pitch!
Tim Molchan scores
2-0: Called Strike
2-1: Fly out, F8 (Flyball, 8LD, EV 90.6 MPH)
Bottom of the 5th over - 2 runs, 2 hits, 0 errors, 0 left on base; Mobile 1 - Mississippi 4
TOP OF THE 6TH
Mobile BayBears batting - Pitching for Mississippi Braves : RHP Alfredo Leiva
Batting: RHB Josh Burrows 0-0: Ball
1-0: Ball
2-0: Called Strike
2-1: Called Strike
2-2: Hit by Pitch
Batting: RHB Blake Beale 0-0: Grounds into double play, 3-6-1 (Groundball, 3, EV 85.0 MPH)
Batting: LHB Soo-yeon Kym 0-0: Foul Ball, location: 2F
0-1: Ball
1-1: Ball
2-1: Ball
3-1: Base on Balls
Pitching: RHP Carlos Esquivel
Batting: RHB Dave Glenn 0-0: Ball
1-0: Ball
2-0: Ball
3-0: Base on Balls
Soo-yeon Kym to second
Batting: LHB T.J. Duvall 0-0: Called Strike
0-1: Foul Ball, location: 2F
0-2: Ball
1-2: SINGLE (Groundball, 23, EV 66.2 MPH) (infield hit)
Soo-yeon Kym to third
Dave Glenn to second
Batting: RHB Carlos Ballesteros 0-0: Foul Ball, location: 2F
0-1: Swinging Strike
0-2: Ball
1-2: Strikes out swinging
Top of the 6th over - 0 runs, 1 hit, 0 errors, 3 left on base; Mobile 1 - Mississippi 4
BOTTOM OF THE 6TH
Mississippi Braves batting - Pitching for Mobile BayBears : RHP Chad Toms
Pitching: RHP Marco Rodriguez
Batting: RHB Jordan Martin 0-0: Called Strike
0-1: SINGLE (Groundball, 56D, EV 93.8 MPH)
Batting: RHB Hieronim Rutkowski 0-0: Called Strike
0-1: Ball
1-1: Fly out, F9 (Flyball, 9D, EV 87.5 MPH)
Batting: RHB Luis Restrepo 0-0: Ball
1-0: Called Strike
Jordan Martin steals 2nd, throwing error, E2
Jordan Martin to third
1-1: Ball
2-1: Fly out, F7 (Flyball, 7LS, EV 85.6 MPH)
Batting: RHB Zheng-ze King 0-0: Ball
1-0: Called Strike
1-1: Called Strike
1-2: Ball
2-2: SINGLE (Groundball, 34D, EV 103.1 MPH)
Jordan Martin scores
Batting: LHB Art D'Ascenzo 0-0: Ball
1-0: Ball
Zheng-ze King steals 2nd base (no throw)
2-0: Swinging Strike
2-1: Called Strike
2-2: Ball
3-2: Ground out 1-3 (Groundball, P, EV 75.0 MPH)
Bottom of the 6th over - 1 run, 2 hits, 1 error, 1 left on base; Mobile 1 - Mississippi 5
TOP OF THE 7TH
Mobile BayBears batting - Pitching for Mississippi Braves : RHP Carlos Esquivel
Now at 1B: Hieronim Rutkowski
Now at 2B: Zheng-ze King
Now at 3B: Adrian Billups
Now at SS: Ingidayehu Lagat
Batting: RHB Curt Barrett 0-0: Ball
1-0: Foul Ball, location: 2F
1-1: Ball
2-1: Foul Ball, location: 2F
2-2: Ball
3-2: Base on Balls
Batting: RHB Yutaka Oki 0-0: Ball
1-0: Called Strike
1-1: Ball
2-1: Grounds into double play, 6-4-3 (Groundball, 6M, EV 111.2 MPH)
Batting: LHB Koson Hirai 0-0: Called Strike
0-1: Fly out, F9 (Flyball, 9D, EV 98.1 MPH)
Top of the 7th over - 0 runs, 0 hits, 0 errors, 0 left on base; Mobile 1 - Mississippi 5
BOTTOM OF THE 7TH
Mississippi Braves batting - Pitching for Mobile BayBears : RHP Marco Rodriguez
Batting: RHB Tim Molchan 0-0: Called Strike
0-1: Foul Ball, location: 2F
0-2: Ball
1-2: Ground out 5-3 (Groundball, 56S, EV 80.0 MPH)
Batting: LHB Sal Fernandez 0-0: Called Strike
0-1: Ball
1-1: Called Strike
1-2: Ball
2-2: Ball
3-2: DOUBLE (Line Drive, 5D, EV 96.9 MPH)
Batting: RHB Yojiro Hayashi 0-0: Ball
1-0: Ball
2-0: Called Strike
2-1: Ground out 1-3 (Groundball, 13S, EV 65.0 MPH)
Sal Fernandez to third
Batting: SHB Jose Melendez 0-0: Called Strike
0-1: Ball
1-1: SINGLE (Groundball, 4D, EV 95.6 MPH)
Sal Fernandez scores
Batting: RHB Jordan Martin 0-0: Called Strike
0-1: Ball
1-1: Foul Ball, location: 2F
1-2: SINGLE (Groundball, 6M, EV 86.2 MPH) (infield hit)
Jose Melendez to second
Batting: RHB Hieronim Rutkowski 0-0: Called Strike
0-1: Foul Ball, location: 2F
0-2: Ball
1-2: Ball
2-2: Strikes out swinging
Bottom of the 7th over - 1 run, 3 hits, 0 errors, 2 left on base; Mobile 1 - Mississippi 6
TOP OF THE 8TH
Mobile BayBears batting - Pitching for Mississippi Braves : RHP Carlos Esquivel
Batting: RHB Josh Burrows 0-0: Ball
1-0: Ball
2-0: Ball
3-0: Swinging Strike
3-1: Foul Ball, location: 2F
3-2: Ground out 6-3 (Groundball, 6S, EV 61.9 MPH)
Batting: RHB Blake Beale 0-0: Ground out 3-1 (Groundball, 34S, EV 85.6 MPH)
Batting: LHB Soo-yeon Kym 0-0: Called Strike
0-1: Swinging Strike
0-2: Ball
1-2: Ball
2-2: Ball
3-2: Base on Balls
Pitching: RHP Thomas Crowner
Batting: RHB Dave Glenn 0-0: Called Strike
0-1: Ball
1-1: Fly out, F5 (Line Drive, 5L, EV 75.0 MPH)
Top of the 8th over - 0 runs, 0 hits, 0 errors, 1 left on base; Mobile 1 - Mississippi 6
BOTTOM OF THE 8TH
Mississippi Braves batting - Pitching for Mobile BayBears : RHP Marco Rodriguez
Batting: RHB Ingidayehu Lagat 0-0: Called Strike
0-1: Ball
1-1: Ball
2-1: Foul Ball, location: 2F
2-2: Ground out 4-3 (Groundball, 34D, EV 106.9 MPH)
Batting: RHB Zheng-ze King 0-0: Ball
1-0: Called Strike
1-1: Called Strike
1-2: Ground out 6-3 (Groundball, 6S, EV 82.5 MPH)
Batting: RHB Adrian Billups 0-0: Called Strike
0-1: DOUBLE (Line Drive, 8RXD, EV 106.2 MPH)
Pitching: RHP Ming-feng Pi
Batting: RHB Tim Molchan 0-0: Ball
1-0: Swinging Strike
1-1: Ground out 6-3 (Groundball, 6, EV 98.1 MPH)
Bottom of the 8th over - 0 runs, 1 hit, 0 errors, 1 left on base; Mobile 1 - Mississippi 6
TOP OF THE 9TH
Mobile BayBears batting - Pitching for Mississippi Braves : RHP Thomas Crowner
Batting: LHB T.J. Duvall 0-0: Ball
1-0: DOUBLE (Flyball, 8LXD, EV 108.8 MPH)
Batting: RHB Carlos Ballesteros 0-0: Called Strike
0-1: Ball
1-1: Swinging Strike
1-2: Ball
2-2: SINGLE (Groundball, 6MD, EV 96.9 MPH)
T.J. Duvall to third
Batting: RHB Curt Barrett 0-0: Ball
1-0: Called Strike
1-1: Called Strike
1-2: Strikes out looking
Batting: RHB Yutaka Oki 0-0: Called Strike
0-1: Ball
1-1: Foul Ball, location: 2F
1-2: Ball
2-2: Foul Ball, location: 2F
2-2: Foul Ball, location: 2F
2-2: Foul Ball, location: 2F
2-2: Ball
3-2: Foul Ball, location: 2F
3-2: Fly out, F7 (Flyball, 78M, EV 75.6 MPH)
Batting: LHB Koson Hirai 0-0: SINGLE (Line Drive, 5D, EV 95.0 MPH)
T.J. Duvall scores
Carlos Ballesteros to second
Pitching: RHP Damian Molina
Batting: RHB Josh Burrows 0-0: Fly out, F7 (Flyball, 7S, EV 91.2 MPH)
Top of the 9th over - 1 run, 3 hits, 0 errors, 2 left on base; Mobile 2 - Mississippi 6
Tuesday, March 28th , 2023 - OOTP Baseball 23.10 Build 110